 Dungeon Crawl Stone Soup version 0.19.1-1-g22dce08 (webtiles) character file.

1351 Dolanko the Cudgeler (level 8, -3/51 HPs)
             Began as a Gargoyle Fighter on Dec 29, 2016.
             Was an Initiate of Makhleb.
             Slain by an orc warrior
             ... wielding a +0 scimitar
              (13 damage)
             ... on level 7 of the Dungeon.
             The game lasted 00:09:30 (5532 turns).

Dolanko the Cudgeler (Gargoyle Fighter)             Turns: 5532, Time: 00:09:35

Health: -3/51      AC: 20    Str: 25    XL:     8   Next: 63%
Magic:  8/8        EV:  6    Int: 10    God:    Makhleb [......]
Gold:   33         SH: 11    Dex: 13    Spells: 0 memorised, 7 levels left

rFire  . . .     SeeInvis +     u - +0 morningstar
rCold  + . .     Gourm    .     v - +0 chain mail
rNeg   + + .     Faith    .     c - +0 shield
rPois  ∞         Spirit   .     B - +2 hat
rElec  +         Reflect  .     (no cloak)
rCorr  .         Harm     .     r - +0 pair of gloves
MR     .....                    x - +1 pair of boots of the Frog {rC+ rN+ Dex+4}
Stlth  ..........               (no amulet)
                                q - ring of see invisible
                                i - +4 ring of strength

@: no status effects
A: negative energy resistance 1, electricity resistance, unbreathing,
petrification resistance, rot immunity, AC +5
a: Renounce Religion


You were on level 7 of the Dungeon.
You worshipped Makhleb.
Makhleb was noncommittal.
You were not hungry.

You visited 2 branches of the dungeon, and saw 8 of its levels.

You collected 289 gold pieces.
You spent 256 gold pieces at shops.

Inventory:

Hand Weapons
 u - a +0 morningstar (weapon)
Armour
 c - a +0 shield (worn)
 r - a +0 pair of gloves (worn)
 v - a +0 chain mail (worn)
 x - the +1 pair of boots of the Frog (worn) {rC+ rN+ Dex+4}
   (You bought it in a shop on level 5 of the Dungeon)

   It affects your dexterity (+4).
   It protects you from cold.
   It protects you from negative energy.
 B - a +2 hat (worn)
Jewellery
 i - a +4 ring of strength (left hand)
 q - a ring of see invisible (right hand)
Wands
 y - a wand of flame (24/48)
 C - a wand of paralysis (14/24)
 E - a wand of polymorph (12/24)
 K - a wand of acid (6/15)
Scrolls
 a - a scroll of noise {unknown}
 b - a scroll of magic mapping {unknown}
 h - 6 scrolls of identify
 j - 2 scrolls of recharging
 k - 3 scrolls of teleportation {unknown}
 s - a scroll of fear {unknown}
 w - a scroll of immolation {unknown}
 D - a scroll of remove curse {unknown}
 F - a scroll of amnesia {unknown}
 G - a scroll of fog {unknown}
 L - a scroll of vulnerability {unknown}
Potions
 d - a potion of might
 e - a potion of haste {unknown}
 g - a potion of mutation {unknown}
 l - a potion of berserk rage {unknown}
 n - a potion of flight {unknown}
 o - a potion of magic {unknown}
 p - a potion of agility {unknown}
 t - 5 potions of curing {unknown}
 A - a potion of lignification {unknown}
 H - 4 potions of brilliance {unknown}
Books
 I - a book of Flames

   Spells                             Type                      Level
   a - Flame Tongue                   Conjuration/Fire             1
   b - Throw Flame                    Conjuration/Fire             2
   c - Conjure Flame                  Conjuration/Fire             3
   d - Inner Flame                    Hexes/Fire                   3
   e - Sticky Flame                   Conjuration/Fire             4
   f - Fireball                       Conjuration/Fire             5
Comestibles
 f - 7 bread rations
 m - 2 slices of pizza
 z - 4 meat rations
 J - 4 chunks of flesh


   Skills:
 + Level 6.1 Fighting
 * Level 6.9 Maces & Flails
 + Level 6.0 Armour
 + Level 5.6 Shields


You had 7 spell levels left.
You didn't know any spells.

Dungeon Overview and Level Annotations

Branches:
Dungeon (7/15)             Temple (1/1) D:5

Altars:
Ashenzari
Cheibriados
Elyvilon
Fedhas
Hepliaklqana
Kikubaaqudgha
Makhleb
Qazlal
Ru
Sif Muna
Uskayaw
Vehumet
Xom
Yredelemnul
The Shining One

Shops:
D:5 [


Innate Abilities, Weirdness & Mutations

You are resistant to torment.
Your stone body is resilient. (AC +5)
You are immune to poison.
You resist negative energy. (rN+)
You are resistant to electric shocks. (rElec)
You can survive without breathing.
You are immune to petrification.
You are immune to rotting.


Message History

A jackal comes into view.
You hit the orc priest.
The orc priest is lightly wounded.
You block the orc priest's attack.
The orc priest calls upon Beogh to heal the orc priest.
The orc priest's wounds heal themselves!
A jackal comes into view.
You hit the orc warrior but do no damage.
The jackal moves out of view.
The orc warrior closely misses you.
You hit the orc warrior but do no damage.
You block the orc warrior's attack.
You hit the orc warrior but do no damage.
The orc warrior hits you with a scimitar!
You hit the orc warrior.
The orc warrior is lightly wounded.
The orc priest mumbles some strange prayers to Beogh against you.
Beogh smites you!
* * * LOW HITPOINT WARNING * * *
The orc warrior hits you with a scimitar!
You die...

#########
.......#
......#
.....#######
.ho.#.....##
hoo#.###.>##
#o##.#
##..###
#@##.#
##...#####
#..#.#
###......
##...#
#######
#.........#
#.#######..
#. .. ..#
..#


You could see an orc warrior, 2 orc priests, an orc and 2 jackals.

Vanquished Creatures
  An orc warrior (D:6)
  A phantom (D:5)
  2 ogres
  A bullfrog (D:6)
  3 wights (D:6)
  3 howler monkeys
  3 crimson imps
  2 bullfrog skeletons
  An orc priest (D:6)
  2 orc wizards
  2 centaur skeletons
  Terence (D:3)
  5 worker ants
  A killer bee zombie (D:5)
  A hound skeleton (D:4)
  A howler monkey skeleton (D:5)
  9 adders
  A shadow imp (D:7)
  2 worms
  2 dart slugs
  2 leopard geckos
  15 orcs
  8 bats
  6 giant cockroaches
  5 hobgoblins
  10 jackals
  7 kobolds
  10 quokkas
  A ball python (D:2)
  9 frilled lizards
  A giant cockroach zombie (D:5)
  9 goblins
  2 leopard gecko skeletons (D:4)
  12 rats
141 creatures vanquished.

Vanquished Creatures (others)
  A plant (D:2)
1 creature vanquished.

Grand Total: 142 creatures vanquished

Notes
Turn   | Place    | Note
-------+----------+-------------------------------------------
     0 | D:1      | Dolanko the Gargoyle Fighter began the quest for the Orb.
     0 | D:1      | Reached XP level 1. HP: 14/14 MP: 1/1
     2 | D:1      | Noticed an octopode
    15 | D:1      | Noticed a minotaur skeleton
    99 | D:1      | Reached XP level 2. HP: 18/19 MP: 2/2
   567 | D:1      | Reached XP level 3. HP: 22/23 MP: 3/3
   929 | D:2      | Found a sacrificial altar of Ru.
  1046 | D:2      | Reached XP level 4. HP: 20/29 MP: 4/4
  1790 | D:3      | Noticed Terence
  1796 | D:3      | Killed Terence
  1796 | D:3      | Reached XP level 5. HP: 33/33 MP: 5/5
  2617 | D:4      | Reached XP level 6. HP: 38/38 MP: 6/6
  2813 | D:4      | Reached XP level 7. HP: 39/44 MP: 7/7
  3042 | D:5      | Entered Level 5 of the Dungeon
  3147 | D:5      | Found Ekhlinorph's Antique Armour Boutique.
  3162 | D:5      | Found a staircase to the Ecumenical Temple.
  3248 | Temple   | Entered the Ecumenical Temple
  3273 | Temple   | Became a worshipper of Makhleb the Destroyer
  3303 | D:5      | You fall through a shaft!
  3308 | D:6      | Reached skill level 5 in Maces & Flails
  3396 | D:6      | Reached skill level 5 in Armour
  3466 | D:6      | Reached skill level 5 in Fighting
  3532 | D:6      | Reached skill level 5 in Shields
  3889 | D:5      | Found a shattered altar of Ashenzari.
  3910 | D:5      | Got a shimmering hand axe
  3911 | D:5      | Identified the +6 hand axe "Yrroaget" {chop, +Fly rC+} (You found it on level 5 of the Dungeon)
  4017 | D:5      | Got a fine scimitar
  4021 | D:5      | Identified the +0 scimitar of the Forest {protect, rElec Str+4} (You found it on level 5 of the Dungeon)
  4165 | D:5      | Reached XP level 8. HP: 50/50 MP: 8/8
  4770 | D:6      | HP: 1/51 [orc priest/divine providence (10)]
  5119 | D:5      | Bought a pair of heavily runed boots for 256 gold pieces
  5124 | D:5      | Identified the +1 pair of boots of the Frog {rC+ rN+ Dex+4} (You bought it in a shop on level 5 of the Dungeon)
  5532 | D:7      | Slain by an orc warrior

Skill      XL: |  1  2  3  4  5  6  7  8 |
---------------+-------------------------+-----
Maces & Flails | 3 4 6 |  6.9
Shields        | 4 5 |  5.6
Armour         | 4 5 6 |  6.0
Fighting       | 4 5 6 |  6.1

Action                   |  1- 3 |  4- 6 |  7- 9 || total
-------------------------+-------+-------+-------++-------
Melee: Flail             |   242 |    83 |       ||   325
       Morningstar       |       |   213 |   221 ||   434
  Use: Scroll            |       |     3 |       ||     3
  Eat: Chunk             |     1 |     7 |     6 ||    14
       Pizza             |       |       |     1 ||     1
       Beef jerky        |       |       |     1 ||     1
Armor: Scale mail        |   155 |    47 |       ||   202
       Chain mail        |       |   131 |   114 ||   245
Dodge: Dodged            |    95 |    71 |    54 ||   220
Block: Shield            |   138 |   168 |   127 ||   433
